 Dungeon Crawl Stone Soup version 0.21.1-1-g345015fe64 (webtiles) character file.

5085 McKennaii the Thaumaturge (level 10, 0/78 HPs)
             Began as a Deep Elf Ice Elementalist on June 6, 2018.
             Was a Believer of Sif Muna.
             Slain by a four-headed hydra (9 damage)
             ... on level 8 of the Dungeon.
             The game lasted 00:30:35 (11451 turns).

McKennaii the Thaumaturge (DEIE)                   Turns: 11451, Time: 00:30:41

Health: 0/78       AC: 25    Str:  5    XL:     10   Next: 31%
Magic:  14/27      EV:  2    Int: 24    God:    Sif Muna [**....]
Gold:   379        SH:  0    Dex: 15    Spells: 13/31 levels left

rFire    . . .     SeeInvis .   L - +0 dagger (protect)
rCold    . . .     Gourm    .   (no shield)
rNeg     + + +     Faith    .   (armour currently unavailable)
rPois    +         Spirit   .   (helmet currently unavailable)
rElec    .         Reflect  .   (cloak currently unavailable)
rCorr    .         Harm     .   (gloves currently unavailable)
MR       ++...     NoTele   +   (boots currently unavailable)
Stlth    +++.......             (no amulet)
HPRegen  0.23/turn              u - ring of protection from magic
MPRegen  0.20/turn              e - ring of wizardry

@: tree-form
A: no striking features
a: Divine Energy, Renounce Religion


You were on level 8 of the Dungeon.
You worshipped Sif Muna.
Sif Muna was pleased with you.
You were not hungry.
You were a tree.
You visited 2 branches of the dungeon, and saw 9 of its levels.

You collected 379 gold pieces.

Inventory:

Hand Weapons
 L - a +0 dagger of protection (weapon)
Armour
 A - the +1 leather armour "Qoupnez" (melded) {rPois Str+3 Dex-4 SInv}
   (You found it on level 4 of the Dungeon)

   It affects your strength (+3).
   It affects your dexterity (-4).
   It protects you from poison.
   It lets you see invisible.
 I - a +0 pair of boots (melded)
 J - the cursed +0 large shield of Giruuhu {rC+++ Str-4 Slay+2, unknown}
   (You found it on level 7 of the Dungeon)

   It affects your strength (-4).
   It affects your accuracy and damage with ranged weapons and melee attacks
   (+2).
   It renders you almost immune to cold.
   It has a curse placed upon it.
Jewellery
 e - a ring of wizardry (right branch)
 u - a ring of protection from magic (left branch)
 x - an uncursed ring of see invisible
Wands
 o - a wand of flame (65)
 p - a wand of random effects (70)
Scrolls
 d - 2 scrolls of fog {unknown}
 f - a scroll of amnesia {unknown}
 g - 2 scrolls of teleportation
 h - 3 scrolls of identify
 i - a scroll of blinking {unknown}
 k - 2 scrolls of enchant weapon {unknown}
 l - 3 scrolls of remove curse
 w - a scroll of magic mapping
 y - a scroll of fear {unknown}
 H - a scroll of silence {unknown}
Potions
 j - 5 potions of curing
 m - a potion of might
 n - a potion of agility
 q - a potion of mutation {unknown}
 s - 4 potions of brilliance {unknown}
 t - a potion of ambrosia {unknown}
 v - a potion of degeneration {unknown}
 z - a potion of berserk rage {unknown}
 B - a potion of invisibility {unknown}
 D - 3 potions of haste {unknown}
 E - a potion of heal wounds {unknown}
 F - 2 potions of flight {unknown}
 G - a potion of cancellation {unknown}
Books
 a - a book of Air

   Spells                             Type                      Level
   a - Shock                          Conjuration/Air              1
   b - Swiftness                      Charms/Air                   2
   c - Static Discharge               Conjuration/Air              3
   d - Airstrike                      Air                          4
   e - Lightning Bolt                 Conjuration/Air              5
 b - a book of Frost

   Spells                             Type                      Level
   a - Freeze                         Ice                          1
   b - Throw Frost                    Conjuration/Ice              2
   c - Ozocubu's Armour               Charms/Ice                   3
   d - Throw Icicle                   Conjuration/Ice              4
   e - Summon Ice Beast               Ice/Summoning                4
 C - a book of Conjurations

   Spells                             Type                      Level
   a - Magic Dart                     Conjuration                  1
   b - Searing Ray                    Conjuration                  2
   c - Dazzling Spray                 Conjuration/Hexes            3
   d - Fulminant Prism                Conjuration/Hexes            4
   e - Force Lance                    Conjuration/Translocation    4
   f - Iskenderun's Mystic Blast      Conjuration                  4
Comestibles
 c - 10 rations


   Skills:
 + Level 1.3 Fighting
 + Level 1.2 Short Blades
 + Level 2.5 Armour
 + Level 4.0 Dodging
 + Level 6.7 Stealth
 * Level 11.1 Spellcasting
 + Level 5.1 Conjurations
 + Level 0.5 Charms
 * Level 4.1 Summonings
 * Level 10.2 Ice Magic


You had 13 spell levels left.
You knew the following spells:

 Your Spells              Type           Power        Failure   Level  Hunger
a - Freeze                Ice            ####         1%          1    None
b - Throw Frost           Conj/Ice       ######       1%          2    None
c - Ozocubu's Armour      Chrm/Ice       #####...     1%          3    None
d - Summon Ice Beast      Ice/Summ       #####...     1%          4    None
e - Throw Icicle          Conj/Ice       ######..     1%          4    None
f - Iskenderun's Mystic   Conj           #####...     2%          4    None


Dungeon Overview and Level Annotations

Branches:
Dungeon (8/15)             Temple (1/1) D:6
   Lair: D:8-11

Altars:
Ashenzari
Cheibriados
Dithmenos
Fedhas
Gozag
Hepliaklqana
Kikubaaqudgha
Makhleb
Nemelex Xobeh
Okawaru
Qazlal
Ru
Sif Muna
Trog
Uskayaw
Vehumet
Wu Jian
Xom
Yredelemnul
Zin
The Shining One

Annotations:
D:4 Grinder


Message History

Confirm with . or Enter, or press ? or * to list all spells.
Aiming: Throw Icicle
Press: ? - help, Shift-Dir - straight line, f/p - four-headed hydra
Aim: a four-headed hydra (moderately wounded)
The shard of ice misses the four-headed hydra.
The four-headed hydra bites you.
* * * LOW HITPOINT WARNING * * *
The four-headed hydra bites you.
* * * LOW HITPOINT WARNING * * *
The four-headed hydra barely misses you.
The four-headed hydra bites you.
* * * LOW HITPOINT WARNING * * *
Unknown command.
You turn into a tree.
Your +0 pair of boots melds into your body.
The +1 leather armour "Qoupnez" {rPois Str+3 Dex-4 SInv} melds into your body.
Your roots penetrate the ground.
The four-headed hydra bites you but does no damage.
The four-headed hydra bites you!
You die...

.# # ..
#..#..##.#.#
#)######## .# #
..##|##..#..###.#
#### .#
.##..#..##.#..##.#
#... .# # #..#.
#.#..##.# #.## #.
.##. .##.....# #.#
## # .##..#####
##.## # .##..##
####...# ###
###D..# #....#.. #
# #.s #♣#..#
#.##...# .##..
u##.> #...#
#.###... ....8.


uyY. #.### #.# #### .##... #D. ##.#########.# #. # .# #..##............## #. .##
##......####.......# #. # u. #............#####.# ## ## .# #..#.##.#####.## #.#
# .###.###..##. #.# #..####.# You could see a four-headed hydra.

Vanquished Creatures
  A two-headed ogre (D:8)
  The ghost of Alannah the Sneak, an amateur DsAs (D:4)
  A hippogriff (D:8)
  A water moccasin (D:8)
  Duvessa (D:6)
  A black bear (D:7)
  An ice beast (D:8)
  4 ogres (D:8)
  A crocodile (D:8)
  3 killer bees (D:7)
  A howler monkey (D:8)
  A centaur zombie (D:7)
  An orc priest (D:4)
  2 hounds
  3 orc wizards
  Jessica (D:2)
  An iguana (D:8)
  Ijyb (D:3)
  4 worker ants
  2 gnolls
  3 adders
  A shadow imp (D:8)
  3 oozes
  An adder zombie (D:5)
  4 worms
  A dart slug (D:2)
  6 leopard geckos
  11 orcs
  9 bats
  4 giant cockroaches
  10 goblins
  12 hobgoblins
  9 jackals
  5 quokkas
  A ball python (D:4)
  2 frilled lizards
  A goblin zombie (D:6)
  11 kobolds
  An orc skeleton (D:6)
  6 rats
  A spectral orc (D:3)
134 creatures vanquished.

Vanquished Creatures (collateral kills)
  A two-headed ogre (D:8)
  3 ugly things (D:8)
  The ghost of calamity701 the Insei, a novice OpTm (D:5)
  The ghost of Tali the Chopper, a novice MiFi of Trog (D:6)
  A hippogriff (D:7)
  A basilisk (shapeshifter) (D:8)
  3 orc warriors
  A sky beast (D:7)
  2 ice beasts (D:6)
  A black bear (D:8)
  2 phantoms
  2 ogres
  2 centaurs
  Dowan (D:6)
  2 scorpions
  6 killer bees
  2 howler monkeys (D:7)
  2 quasits
  A jelly (D:7)
  An orc priest (D:8)
  An orc wizard (D:6)
  A worker ant (D:7)
  A hound skeleton (D:8)
  A howler monkey skeleton (D:5)
  2 shadow imps
  An adder skeleton (D:4)
  9 orcs
  2 goblins (D:8)
  A hobgoblin (D:8)
  3 quokkas
  A hobgoblin zombie (D:6)
  2 kobolds (D:8)
  2 kobold zombies (D:6)
  A leopard gecko skeleton (D:4)
  An orc skeleton (D:6)
65 creatures vanquished.

Vanquished Creatures (others)
  A plant (D:6)
1 creature vanquished.

Grand Total: 200 creatures vanquished

Notes
Turn   | Place    | Note
-------+----------+-------------------------------------------
     0 | D:1      | McKennaii the Deep Elf Ice Elementalist began the quest for the Orb.
     0 | D:1      | Reached XP level 1. HP: 10/10 MP: 6/6
   179 | D:1      | Reached XP level 2. HP: 9/15 MP: 4/8
   434 | D:1      | Learned a level 2 spell: Throw Frost
   687 | D:1      | Reached XP level 3. HP: 19/19 MP: 6/9
  1283 | D:2      | Noticed Jessica
  1335 | D:2      | Killed Jessica
  1335 | D:2      | Reached skill level 5 in Ice Magic
  1335 | D:2      | Reached XP level 4. HP: 24/24 MP: 1/11
  1487 | D:2      | Learned a level 3 spell: Ozocubu's Armour
  1924 | D:3      | Found a hazy altar of Hepliaklqana.
  1924 | D:3      | Noticed Ijyb
  1929 | D:3      | Killed Ijyb
  1994 | D:3      | Found a blossoming altar of Fedhas.
  1999 | D:3      | Reached skill level 4 in Spellcasting
  2017 | D:3      | Learned a level 4 spell: Summon Ice Beast
  2151 | D:3      | Reached XP level 5. HP: 27/28 MP: 10/13
  2163 | D:3      | Found a snail-covered altar of Cheibriados.
  2546 | D:3      | Found an ancient bone altar of Kikubaaqudgha.
  2973 | D:3      | Found a basalt altar of Yredelemnul.
  3221 | D:4      | Noticed Grinder
  3532 | D:4      | Noticed Alannah's ghost (amateur DsAs)
  3582 | D:4      | Killed Alannah's ghost
  3582 | D:4      | Reached XP level 6. HP: 23/32 MP: 6/15
  3670 | D:4      | Reached skill level 5 in Spellcasting
  4210 | D:4      | Reached XP level 7. HP: 21/36 MP: 3/17
  4470 | D:4      | Got a dazzling leather armour
  4481 | D:4      | Identified the cursed +1 leather armour "Qoupnez" {rPois Str+3 Dex-4 SInv} (You found it on level 4 of the Dungeon)
  4705 | D:4      | Learned a level 4 spell: Throw Icicle
  4731 | D:5      | Entered Level 5 of the Dungeon
  4845 | D:5      | Noticed calamity701's ghost (novice OpTm)
  4862 | D:5      | Killed calamity701's ghost
  4862 | D:5      | Reached skill level 6 in Spellcasting
  6173 | D:6      | Learned a level 4 spell: Iskenderun's Mystic Blast
  6217 | D:6      | Found a sparkling altar of Nemelex Xobeh.
  6413 | D:6      | Noticed Tali's ghost (novice MiFi)
  6454 | D:6      | Killed Tali's ghost
  6454 | D:6      | Reached skill level 5 in Stealth
  6454 | D:6      | Reached skill level 1 in Summonings
  6454 | D:6      | Reached XP level 8. HP: 42/42 MP: 3/20
  6515 | D:6      | Noticed Duvessa
  6529 | D:6      | Killed Duvessa
  6529 | D:6      | Reached skill level 7 in Spellcasting
  6532 | D:6      | Noticed Dowan
  6538 | D:6      | Killed Dowan
  6833 | D:6      | Found a glowing golden altar of the Shining One.
  7032 | D:6      | Found a shadowy altar of Dithmenos.
  7237 | D:6      | Reached skill level 1 in Armour
  7560 | D:6      | Found a staircase to the Ecumenical Temple.
  7566 | Temple   | Entered the Ecumenical Temple
  7598 | Temple   | Became a worshipper of Sif Muna the Loreminder
  8106 | D:7      | Noticed a hippogriff
  8113 | D:7      | Killed a hippogriff
  8113 | D:7      | Reached skill level 8 in Spellcasting
  8229 | D:7      | Found an ornate altar of the Wu Jian Council.
  8404 | D:7      | Reached skill level 1 in Short Blades
  8406 | D:7      | Reached * piety under Sif Muna
  8669 | D:7      | Got a faintly glowing large shield
  8817 | D:7      | Reached XP level 9. HP: 18/46 MP: 8/23
  9263 | D:8      | Reached skill level 9 in Spellcasting
  9662 | D:8      | Reached skill level 1 in Fighting
  9910 | D:8      | Reached ** piety under Sif Muna
  9997 | D:8      | Noticed a hand axe
 10001 | D:8      | Noticed a hand axe
 10038 | D:8      | Found a burning altar of Makhleb.
 10049 | D:8      | Found a hide-covered altar of Uskayaw.
 10097 | D:8      | Noticed a two-headed ogre
 10106 | D:8      | Killed a two-headed ogre
 10106 | D:8      | Reached skill level 10 in Spellcasting
 10491 | D:8      | Found a radiant altar of Vehumet.
 10605 | D:8      | Noticed a deep elf mage
 10610 | D:8      | Noticed a jumping spider
 10611 | D:8      | Noticed a demonic crawler
 10614 | D:8      | Noticed a four-headed hydra
 10615 | D:8      | Noticed a purple ugly thing
 10617 | D:8      | Noticed a purple ugly thing
 10623 | D:8      | Noticed a smoke demon
 10872 | D:8      | Found an iron altar of Okawaru.
 10945 | D:8      | Reached skill level 5 in Conjurations
 10945 | D:8      | Reached XP level 10. HP: 19/52 MP: 10/26
 11044 | D:8      | Noticed a two-headed ogre
 11055 | D:8      | Killed a two-headed ogre
 11055 | D:8      | Reached skill level 10 in Ice Magic
 11247 | D:8      | Noticed a red ugly thing
 11248 | D:8      | Noticed a green ugly thing
 11297 | D:8      | Killed a red ugly thing
 11322 | D:8      | Killed a green ugly thing
 11322 | D:8      | Reached skill level 11 in Spellcasting
 11336 | D:8      | Killed a brown ugly thing
 11451 | D:8      | Slain by a four-headed hydra

Skill      XL: |  1  2  3  4  5  6  7  8  9 10 |
---------------+-------------------------------+-----
Ice Magic      | 4 5 6 7 8 9 10 | 10.2
Stealth        | 3 4 5 6 |  6.7
Spellcasting   | 4 5 6 8 10 11 | 11.1
Dodging        | 3 4 |  4.0
Conjurations   | 2 3 5 |  5.1
Summonings     | 1 2 3 4 |  4.1
Armour         | 1 2 |  2.5
Short Blades   | 1 |  1.2
Fighting       | 1 |  1.3
Charms         | |  0.5

Action                   |  1- 3 |  4- 6 |  7- 9 | 10-12 || total
-------------------------+-------+-------+-------+-------++-------
Melee: Dagger            |       |    17 |   140 |       ||   157
 Cast: Freeze            |    53 |    54 |    59 |     2 ||   168
       Throw Frost       |    15 |    49 |    67 |     2 ||   133
       Summon Ice Beast  |       |     5 |    53 |    11 ||    69
       Ozocubu's Armour  |       |       |     2 |       ||     2
       Throw Icicle      |       |       |    23 |     9 ||    32
  Use: Scroll            |       |       |     5 |       ||     5
       Potion            |       |       |     3 |     1 ||     4
 Stab: Sleeping          |       |       |     3 |       ||     3
  Eat: Chunk             |     1 |     6 |    15 |     2 ||    24
       Ration            |       |     1 |     3 |       ||     4
Armor: Robe              |     5 |     6 |     1 |       ||    12
       Leather armour    |       |       |    57 |     1 ||    58
       Skin              |       |       |       |     1 ||     1
Dodge: Dodged            |    30 |    37 |   134 |     4 ||   205
